Map: Ice and Chrome LE

Players

Cosy - Winner!

  • Race: Protoss Protoss
  • Spawn Location: 7:00

prospeKt

  • Race: Zerg Zerg
  • League: Platinum
  • Spawn Location: 1:00

VOD

Have the link to the VOD?

Description

Time

  • Played on: June 10, 2020, 6:15 p.m.
  • Length: 3:04
Show
View Real Time Build Order
Export as new Build Order

Cosy Protoss - Winner!

Build Orders:  

Get SALT Encoding   

  12  0:01  Probe  
  13  0:14  Probe  
  14  0:21  Pylon  
  14  0:25  Probe  
  15  0:35  Probe  
  16  0:44  Probe  
  16  0:45  Gateway  
  17  0:54  Assimilator  
  17  0:56  Probe  
  18  1:07  Forge  
  18  1:08  Probe  
  19  1:20  Probe  
  20  1:32  Cybernetics Core  
  20  1:34  Probe  
  21  1:44  Pylon  
  21  2:03  Photon Cannon  
  21  2:04  Photon Cannon  
  21  2:11  Photon Cannon  
  21  2:13  Adept  
  21  2:15  Probe  
  24  2:37  Probe  
  24  2:43  Nexus  
  27  2:56  Pylon  
  27  3:00  Assimilator  
Show
View Real Time Build Order
Export as new Build Order

prospeKt Zerg 

Build Orders: Hatch First 

Get SALT Encoding   

  12  0:01  Drone  
  13  0:12  Overlord  
  13  0:17  Drone  
  14  0:31  Drone x2  
  14  0:34  Drone  
  17  0:53  Hatchery  
  16  0:57  Drone  
  17  1:06  Drone  
  18  1:15  Spawning Pool  
  18  1:17  Drone  
  18  1:25  Drone  
  19  1:28  Drone  
  19  1:32  Extractor  
  19  1:39  Drone  
  20  1:53  Drone  
  21  2:02  Drone  
  21  2:06  Drone  
  23  2:20  Roach Warren  
  23  2:21  Drone x2  
  23  2:22  Hatchery  
  22  2:49  Drone  
  25  2:55  Extractor  
Tags
 
Add a new tag
Caveats
  • Supply blocks, unpowered buildings, or Contaminate may cause inaccurate times.
  • Supply counts are checked every 10 seconds.